 Dungeon Crawl Stone Soup version 0.30-a0-989-g0d87f670db (webtiles) character file.

Game seed: 13180277998845890466

1154 DeathPants the Chopper (level 8, -1/42 HPs)
             Began as a Vine Stalker Gladiator on Apr 2, 2023.
             Slain by an ogre
             ... wielding a +0 giant club
              (12 damage)
             ... on level 7 of the Dungeon.
             The game lasted 00:12:09 (5134 turns).

DeathPants the Chopper (Vine Stalker Gladiator)     Turns: 5134, Time: 00:12:10

Health: -1/42      AC: 14    Str: 20    XL:     8   Next: 38%
Magic:  0/9        EV: 11    Int: 10    God:
Gold:   277        SH:  0    Dex: 15    Spells: 7/7 levels left

rFire   . . .      SeeInvis .    a - +0 war axe
rCold   . . .      Faith    .    (no shield)
rNeg    . . .      Spirit   +    m - +0 scale mail
rPois   +          Reflect  .    b - +1 helmet
rElec   .          Rampage  .    (no cloak)
rCorr   .                        o - +2 pair of gloves "Appibeh" {Str+2}
Will    +....                    i - +1 pair of boots Stlth
                                 (no amulet)
HPRegen 1.07/turn                q - ring of poison resistance
MPRegen 0.11/turn                (no ring)

@: no status effects
A: fangs 3, regeneration 1, magic shield, antimagic bite, no potion heal 2
a: no special abilities


You were on level 7 of the Dungeon.
You visited 1 branch of the dungeon, and saw 7 of its levels.

You collected 337 gold pieces.
You spent 60 gold pieces at shops.

Inventory:

Hand Weapons
 a - a +0 war axe (weapon)
Missiles
 d - 2 throwing nets (quivered)
 e - a javelin
 n - 4 silver javelins
Armour
 b - a +1 helmet (worn)
 i - a +1 pair of boots (worn)
 m - a +0 scale mail (worn)
 o - the +2 pair of gloves "Appibeh" (worn) {Str+2}
   (You found it on level 5 of the Dungeon)

   Str:       It affects your strength (+2).
 r - a +0 buckler
Jewellery
 q - a ring of poison resistance (left hand)
Wands
 g - a wand of paralysis (19)
Scrolls
 j - a scroll of blinking
 p - a scroll of identify
Potions
 c - 2 potions of cancellation
 f - 2 potions of attraction
 h - a potion of lignification
 k - a potion of curing
 l - 2 potions of mutation
 s - a potion of flight


   Skills:
 + Level 4.4 Fighting
 * Level 6.4 Axes
 - Level 1.7 Throwing
 - Level 3.1 Armour
 - Level 4.1 Dodging


You had 7 spell levels left.
You didn't know any spells.
Your spell library contained the following spells:

 Spells                   Type           Power      Damage    Failure   Level
 Ensorcelled Hibernation  Hex/Ice        0%         N/A       85%         2
 Passwall                 Tmut/Erth      0%         N/A       85%         2
 Inner Flame              Hex/Fire       0%         N/A       97%         3
 Ozocubu's Armour         Ice            0%         N/A       97%         3
 Swiftness                Air            0%         N/A       97%         3
 Flame Wave               Conj/Fire      0%         2d4       100%        4
 Sticky Flame             Conj/Fire      0%         2d3       100%        4
 Metabolic Englaciation   Hex/Ice        0%         N/A       100%        5
 Simulacrum               Ice/Necr       0%         N/A       100%        6


Dungeon Overview and Level Annotations

Branches:
Dungeon (7/15)             Temple (0/1) D:5

Altars:
Ashenzari
Cheibriados
Elyvilon
Trog

Shops:
D:5 ?


Innate Abilities, Weirdness & Mutations

You have razor-sharp teeth.
Your natural rate of healing is unusually fast.
When hurt, damage is shared between your health and your magic reserves.
Your bite disrupts and absorbs the magic of your enemies.
Potions cannot restore your health.


Message History

The centaur is lightly wounded.
The centaur unwields a +0 shortbow.
The centaur barely misses you. The centaur kicks you. The centaur misses you.
The centaur kicks you.
You hit the centaur. Your bite misses the centaur.
The centaur is moderately wounded.
The centaur hits you but does no damage.
The centaur barely misses you. The centaur closely misses you.
The centaur kicks you.
You slash the centaur! Your bite misses the centaur.
The centaur is almost dead.
The centaur hits you but does no damage.
The centaur closely misses you.
You slash the centaur!
You kill the centaur!
Things that are here:
a +0 shortbow; a centaur corpse
p - 2 scrolls of identify (gained 1)
As you read the scroll of identify, it crumbles to dust.
s - a potion of flight Magic restored.
Found a war axe.
There is a stone staircase leading down here.
You climb downwards.
The ogre shouts!
Found a scroll labelled GYKY APRAIHEWU and 4 gold pieces.
There is a stone staircase leading up here.
Found 4 stones.
A basilisk comes into view.
You see here a scroll labelled GYKY APRAIHEWU.
The basilisk hisses angrily.
The ogre attacks as you move away!
The ogre hits you with a +0 giant club!!
Ouch! That really hurt!
You closely miss the ogre.
The ogre hits you with a +0 giant club!!
* * * LOW HITPOINT WARNING * * *
You slash the ogre!
The ogre is moderately wounded.
The ogre hits you with a +0 giant club!
You die...

#### ####.$.
....# ##...#
##@<# ####
#.O## .
.#....#.###....
.......?.......
..(....####....
....... ..
....... ......#
.#...#


You could see an ogre.

Vanquished Creatures
  Grinder (D:5)
  A water moccasin (D:5)
  An ogre (D:4)
  A centaur (D:6)
  A bullfrog (D:5)
  A gnoll sergeant (D:5)
  3 killer bees (D:5)
  2 jellies
  A sleepcap (D:6)
  3 iguanas
  2 orc wizards (D:4)
  5 gnolls
  8 adders
  2 dart slugs
  8 orcs
  5 bats
  7 endoplasms
  10 giant cockroaches
  10 goblins
  8 hobgoblins
  2 jackals (D:1)
  3 quokkas
  5 ball pythons
  5 frilled lizards
  6 kobolds
  4 rats
105 creatures vanquished.

Notes
Turn   | Place    | Note
-------+----------+-------------------------------------------
     0 | D:1      | DeathPants the Vine Stalker Gladiator began the quest for
                  | the Orb.
     0 | D:1      | Reached XP level 1. HP: 11/11 MP: 2/2
   129 | D:1      | Reached XP level 2. HP: 15/15 MP: 3/3
   365 | D:1      | Reached skill level 3 in Axes
   813 | D:1      | Reached XP level 3. HP: 18/18 MP: 2/4
  1215 | D:2      | Reached skill level 1 in Armour
  1414 | D:2      | Gained mutation: Your natural rate of healing is unusually
                  | fast. [Vine Stalker growth]
  1414 | D:2      | Reached XP level 4. HP: 23/23 MP: 5/5
  2053 | D:3      | Identified the +8 long sword of the Lusting Gods {drain,
                  | Dex+2 SInv}
  2144 | D:4      | Identified the +0 plate armour of Lomau {rF+ rC+ Slay-4}
  2181 | D:3      | Found a white marble altar of Elyvilon.
  2243 | D:3      | HP: 1/23 [acid (5)]
  2255 | D:2      | Reached XP level 5. HP: 4/27 MP: 0/6
  2765 | D:3      | Reached skill level 4 in Axes
  3278 | D:4      | Noticed an ogre
  3295 | D:4      | Killed an ogre
  3296 | D:4      | Reached XP level 6. HP: 10/32 MP: 1/7
  3516 | D:5      | Entered Level 5 of the Dungeon
  3519 | D:5      | Noticed a water moccasin
  4115 | D:5      | Reached XP level 7. HP: 33/36 MP: 8/8
  4140 | D:5      | Found a snail-covered altar of Cheibriados.
  4181 | D:5      | Reached skill level 5 in Axes
  4264 | D:5      | Noticed Grinder
  4383 | D:5      | Paralysed by Grinder for 2 turns
  4395 | D:5      | Paralysed by Grinder for 2 turns
  4399 | D:5      | Killed Grinder
  4400 | D:5      | Gained mutation: You have razor-sharp teeth. [Vine Stalker
                  | growth]
  4400 | D:5      | Reached XP level 8. HP: 42/42 MP: 9/9
  4428 | D:5      | Reached skill level 6 in Axes
  4445 | D:5      | Found Afaet's Magic Scroll Emporium.
  4472 | D:5      | Bought a scroll of identify for 20 gold pieces
  4472 | D:5      | Bought a scroll of identify for 20 gold pieces
  4472 | D:5      | Bought a scroll of identify for 20 gold pieces
  4542 | D:5      | Found a staircase to the Ecumenical Temple.
  4602 | D:5      | Identified the +2 pair of gloves "Appibeh" {Str+2}
  4664 | D:5      | Found a broken altar of Ashenzari.
  4665 | D:5      | Found a bloodstained altar of Trog.
  5134 | D:7      | Slain by an ogre

Illustrated notes

Levels and vault maps discovered:
D:1:      lightli_arrival_maybe_door_vault, layout_basic,
          dreamdust_mushroom_princess
D:2:      layout_basic, serial_park_tiny_pond
D:3:      layout_loops_ring, elyvilon_altar_4, minmay_divided_ellipse
D:4:      layout_cave_pods
D:5:      layout_loops_ring, cheibriados_altar_1,
          gammafunk_temple_overflow_wave, minmay_temple_entry_from_below_a,
          serial_shops, shop, chequers_serial_rivers_room_a, fountainhead,
          uniq_grinder
D:6:      layout_loops_ring, old_standard_altar
D:7:      layout_rooms, kennysheep_cluttered_room, minmay_manual_mares

Skill      XL: |  1  2  3  4  5  6  7  8 |
---------------+-------------------------+-----
Fighting       | 2 3 4 |  4.4
Axes           | 3 4 5 6 |  6.4
Armour         | 1 2 3 |  3.1
Dodging        | 3 4 |  4.1
Throwing       | |  1.7

Action                     |  1- 3 |  4- 6 |  7- 9 || total
---------------------------+-------+-------+-------++-------
  Melee: War axe           |    98 |   145 |    90 ||   333
         Bite              |    23 |    38 |    23 ||    84
         Punch             |     1 |     3 |     2 ||     6
  Throw: Throwing net      |       |     1 |     3 ||     4
         Javelin           |       |       |     1 ||     1
    Use: Scroll            |       |    10 |     6 ||    16
   Stab: Held in net/web   |       |       |     2 ||     2
 Armour: Leather armour    |    22 |       |       ||    22
         Ring mail         |    25 |    22 |       ||    47
         Scale mail        |       |    55 |    40 ||    95
  Dodge: Dodged            |    79 |    83 |    76 ||   238

Table legend: (Time is in decaauts)
 A = Elapsed time spent in this place.
 B = Non-inter-level travel time spent in this place.
 C = Inter-level travel time spent in this place.
 D = Time resting spent in this place.
 E = Time spent auto-exploring this place.
 F = Levels seen in this place.
 G = Mean time per level.
                   A        B        C        D        E       F      G
               +--------+--------+--------+--------+--------+-----+--------+
         Total |   5237 |   4965 |    272 |    182 |   3437 |   7 |  748.1 |
       Dungeon |   5237 |   4965 |    272 |    182 |   3437 |   7 |  748.1 |
               +--------+--------+--------+--------+--------+-----+--------+

Top non-repeatable levels by time:
     D:2: 1238 daAuts
     D:1: 999 daAuts
     D:3: 983 daAuts
     D:5: 935 daAuts
     D:4: 934 daAuts
     D:6: 138 daAuts
     D:7: 9 daAuts
